Map: Crista de Lerilak

Players

IÐrAa

  • Race: Zerg Zerg
  • League: Master

TheZergLord - Winner!

  • Race: Zerg Zerg
  • League: Master

VOD

Have the link to the VOD?

Description

Time

  • Played on: Feb. 25, 2016, 7:48 a.m.
  • Length: 7:45
Show
View Real Time Build Order
Export as new Build Order

IÐrAa Zerg 

Build Orders: Pool First 

Get SALT Encoding   

  12  0:02  Drone  
  13  0:13  Drone  
  14  0:18  Overlord  
  14  0:27  Extractor  
  14  0:28  Drone  
  15  0:40  Drone x2  
  17  0:51  Spawning Pool  
  17  0:52  Drone  
  17  1:15  Hatchery  
  16  1:27  Drone x2, Extractor  
  16  1:32  Overlord  
  17  1:41  Queen  
  19  1:49  Zergling x2  
  20  1:55  Zergling x2  
  21  2:06  Evolution Chamber  
  20  2:11  Drone  
  21  2:17  Queen  
  23  2:27  Queen  
  25  2:48  Drone  
  25  2:50  Zerg Ground Armor Level 1  
  26  2:52  Drone  
  26  2:53  Overlord  
  27  3:09  Drone x3  
  27  3:10  Zergling x4  
  32  3:19  Baneling Nest  
  31  3:27  Drone  
  31  3:28  Drone x2  
  34  3:39  Drone  
  34  3:40  Zergling x6  
  38  3:44  Overlord  
  38  4:00  Zergling x2  
  38  4:01  Zergling x10  
  44  4:17  Baneling x2  
  44  4:20  Overlord x2  
  44  4:21  Zergling x2  
  44  4:22  Zergling x4  
  47  4:26  Metabolic Boost  
  47  4:42  Hatchery  
  45  5:05  Zergling x2  
  45  5:06  Zergling x18  
  55  5:27  Overlord  
  55  5:33  Zergling x8  
  55  5:34  Zergling x10  
  64  5:47  Lair  
  61  6:08  Zergling x2  
  61  6:09  Zergling x22  
  50  6:21  Zergling x4  
  50  6:22  Zergling x2  
  46  6:35  Zergling x2  
  46  6:36  Zergling x12  
  52  6:44  Zergling x8  
  56  6:55  Zergling x2  
  56  6:56  Zergling x6  
  50  7:18  Zergling x2  
  50  7:19  Zergling x14  
  56  7:23  Baneling x4  
  56  7:24  Baneling  
  56  7:25  Baneling  
Show
View Real Time Build Order
Export as new Build Order

TheZergLord Zerg - Winner!

Build Orders: Hatch First 

Get SALT Encoding   

  12  0:01  Drone  
  13  0:13  Overlord  
  13  0:18  Drone  
  14  0:32  Drone x2  
  16  0:35  Drone  
  17  0:53  Hatchery  
  17  0:56  Drone  
  17  1:10  Spawning Pool  
  16  1:12  Extractor  
  16  1:15  Drone  
  16  1:18  Drone  
  17  1:21  Drone  
  18  1:30  Drone  
  19  1:41  Overlord  
  19  1:58  Queen  
  19  1:59  Zergling x2  
  22  2:05  Drone  
  22  2:06  Queen  
  22  2:07  Drone  
  26  2:13  Metabolic Boost, Drone  
  27  2:24  Drone x2  
  29  2:30  Drone  
  29  2:34  Queen  
  32  2:40  Baneling Nest  
  31  2:46  Overlord  
  31  2:49  Drone  
  31  2:50  Drone x2  
  34  3:03  Drone  
  34  3:04  Drone  
  35  3:08  Drone x3  
  38  3:13  Zergling x2  
  38  3:16  Zergling x6  
  42  3:24  Drone  
  43  3:33  Baneling  
  43  3:34  Baneling, Hatchery  
  42  3:41  Overlord  
  42  3:46  Drone  
  42  3:47  Drone  
  44  3:55  Spine Crawler  
  43  4:01  Overlord  
  43  4:02  Drone x3  
  46  4:03  Drone x3  
  49  4:13  Overlord x2  
  49  4:18  Lair  
  49  4:23  Evolution Chamber, Roach Warren  
  46  4:24  Extractor  
  46  4:25  Drone x2  
  46  4:26  Drone, Extractor  
  46  4:28  Baneling  
  47  4:31  Drone x2  
  47  4:32  Drone  
  50  4:43  Overlord  
  50  4:56  Drone  
  50  4:57  Drone x4  
  50  4:59  Zerg Missile Weapons Level 1  
  55  5:00  Extractor  
  55  5:05  Roach x2  
  55  5:06  Roach x2  
  62  5:13  Drone x3  
  62  5:14  Drone x4  
  69  5:26  Glial Reconstitution  
  69  5:27  Roach x2  
  72  5:30  Overlord x3  
  72  5:35  Overseer  
  72  5:53  Roach x9  
  72  5:54  Roach  
  72  5:56  Baneling x2  
  81  6:16  Roach  
  81  6:17  Roach x5  
  77  6:51  Roach x5  
  77  6:52  Roach x3  
  93  7:12  Roach x2  
  97  7:25  Overlord x4  
Tags
 
Add a new tag
Caveats
  • Supply blocks, unpowered buildings, or Contaminate may cause inaccurate times.
  • Supply counts are checked every 10 seconds.